 Dungeon Crawl Stone Soup version 0.30-a0-297-g0ec75d9ef4 (webtiles) character file.

Game seed: 6033188260450162773

5774 Lobster4 the Thaumaturge (level 10, 0/50 HPs)
             Began as a Deep Elf Air Elementalist on Oct 18, 2022.
             Was a Believer of Vehumet.
             Slain by a two-headed ogre
             ... wielding a +0 giant club
              (15 damage)
             ... on level 9 of the Dungeon.
             The game lasted 00:31:51 (10304 turns).

Lobster4 the Thaumaturge (DEAE)                    Turns: 10304, Time: 00:31:52

Health: 0/50       AC:  8    Str:  5    XL:     10   Next: 49%
Magic:  23/27      EV: 13    Int: 25    God:    Vehumet [**....]
Gold:   410        SH:  0    Dex: 21    Spells: 21/32 levels left

rFire   . . .      SeeInvis .    a - +3 hand axe (elec)
rCold   . . .      Faith    .    (no shield)
rNeg    . . .      Spirit   .    t - +0 steam dragon scales
rPois   +          Reflect  .    (no helmet)
rElec   .          Harm     .    f - +0 cloak
rCorr   .          Rampage  .    (no gloves)
Will    +....                    B - +1 pair of boots
Stlth   +++.......               r - amulet of regeneration
HPRegen 1.08/turn                p - +6 ring of dexterity
MPRegen 0.20/turn                u - ring of poison resistance

@: no status effects
A: no striking features
a: Renounce Religion


You were on level 9 of the Dungeon.
You worshipped Vehumet.
Vehumet was pleased with you.
You visited 2 branches of the dungeon, and saw 11 of its levels.

You collected 488 gold pieces.
You spent 78 gold pieces at shops.

Inventory:

Hand Weapons
 a - a +3 hand axe of electrocution (weapon)
 b - a +0 shortbow of freezing
 d - a +4 trident
 g - a +0 broad axe
 n - a +0 mace
 o - a +1 falchion of freezing
 w - a +0 short sword of draining
Missiles
 c - 70 stones
 h - 70 poisoned darts
 y - 2 curare-tipped darts
 D - 6 boomerangs
Armour
 f - a +0 cloak (worn)
 k - a +0 leather armour
 m - a +0 ring mail
 t - +0 steam dragon scales (worn)
 B - a +1 pair of boots (worn)
Jewellery
 p - a +6 ring of dexterity (left hand)
 q - a ring of flight
 r - an amulet of regeneration (around neck)
 u - a ring of poison resistance (right hand)
Wands
 i - a wand of roots (4)
 l - a wand of flame (15)
 K - a wand of polymorph (10)
Scrolls
 e - 3 scrolls of teleportation
 s - a scroll of enchant weapon
 x - a scroll of immolation
 A - 3 scrolls of fog
 E - a scroll of enchant armour {unknown}
 G - 2 scrolls of amnesia
 I - 3 scrolls of identify
 J - 2 scrolls of blinking
Potions
 j - 2 potions of might
 v - 4 potions of curing
 z - 2 potions of invisibility
 C - 2 potions of magic
 F - a potion of flight
 H - a potion of lignification


   Skills:
 - Level 3.0 Ranged Weapons
 - Level 3.0 Dodging
 - Level 3.0 Stealth
 + Level 11.5 Spellcasting
 + Level 9.5 Conjurations
 + Level 9.2 Air Magic
 - Level 3.0 Earth Magic
 - Level 3.0 Evocations


You had 21 spell levels left.
You knew the following spells:

 Your Spells              Type           Power      Damage    Failure   Level
a - Shock                 Conj/Air       100%       1d9       1%          1
b - Swiftness             Air            57%        N/A       1%          3
c - Airstrike             Air            28%        2d(5-21)  1%          4
d - Static Discharge      Conj/Air       100%       2-7/arc   1%          2
e - Sandblast             Erth           58%        2d13      1%          1

Your spell library contained the following spells:

 Spells                   Type           Power      Damage    Failure   Level
 Poisonous Vapours        Pois/Air       74%        N/A       1%          2


Dungeon Overview and Level Annotations

Branches:
Dungeon (10/15)            Temple (1/1) D:6
   Lair: D:8-11         Orc: D:9-12

Altars:
Dithmenos
Elyvilon
Kikubaaqudgha
Nemelex Xobeh
Okawaru
Trog
Vehumet
Wu Jian
Yredelemnul
The Shining One

Shops:
D:6 *?:

Annotations:
D:7 1 runed translucent door, Crazy Yiuf
D:9 3 runed translucent doors, sirJeffrey23's ghost, novice MiFi


Message History

Press: ? - help, Dir - move target, f - bullfrog
Aim: a bullfrog (moderately wounded, empty space bonus: 7/8)
The air twists around and strikes the bullfrog!!
You kill the bullfrog!
Vehumet accepts your kill.
You feel your power returning.
You start resting.
Magic restored.
Unknown command.
There is an open door here.
There is an open door here.
Things that are here:
a +0 ring mail; a +0 club; a +0 club
There is an open door here.
You see here a +0 club.
There is an open door here.
There is a stone staircase leading down here.
You climb downwards.
Level annotation: 3 runed translucent doors, sirJeffrey23's ghost, novice MiFi
There is a stone staircase leading up here.
You climb upwards.
There is a stone staircase leading down here.
You climb downwards.
Level annotation: 3 runed translucent doors, sirJeffrey23's ghost, novice MiFi
There is a stone staircase leading up here.
Okay, then.
Unknown command.
The two-headed ogre attacks as you move away!
The two-headed ogre hits you with a +0 giant club! x2
Casting: Airstrike (dangerous; 1% risk of failure)
Confirm with . or Enter, or press ? or * to list all spells.
Aiming: Airstrike (dangerous; 1% risk of failure)
Press: ? - help, Dir - move target, f - two-headed ogre
Aim: a two-headed ogre, wielding two +0 giant clubs (empty space bonus: 7/8)
The air twists around and strikes the two-headed ogre!!
The two-headed ogre is heavily wounded.
The two-headed ogre hits you with a +0 giant club.
* * * LOW HITPOINT WARNING * * *
The two-headed ogre hits you with a +0 giant club!
You die...

...... ##..
.....#.......##
.....)
................#
..l... .
...###........### ..
..#..#......# ...
#....#....#...# ....
#.#..##.###.....
.....#.#..##.# .....
...........<.# ....
.......@O.##.........
..........#........
...............#!..
.##...###..........
..... #....#.....
..#### ##.###..... .
## ....#


You could see a two-headed ogre.

Vanquished Creatures
  Maggie (D:7)
  A kobold demonologist (D:8)
  Prince Ribbit (D:7)
  A wyvern (D:7)
  5 yaks (D:8)
  Grum (D:8)
  2 orc warriors
  2 sky beasts
  2 ice beasts
  5 black bears
  A water moccasin (D:6)
  4 wolves (D:8)
  2 centaurs
  A phantom (D:6)
  3 ogres
  10 kobold brigands (D:8)
  2 scorpions
  5 bullfrogs
  2 necrophages (D:7)
  3 wights (D:7)
  3 killer bees (D:8)
  3 orc priests
  4 hounds
  4 iguanas
  4 orc wizards
  7 adders
  2 shadow imps (D:6)
  An ufetubus (D:6)
  2 worms
  5 dart slugs
  23 orcs
  9 ball pythons
  4 bats
  6 endoplasms
  5 giant cockroaches
  10 goblins
  9 hobgoblins
  2 jackals (D:5)
  3 quokkas
  6 frilled lizards
  24 kobolds
  7 rats
197 creatures vanquished.

Vanquished Creatures (others)
  2 fungi (D:9)
  5 plants
7 creatures vanquished.

Grand Total: 204 creatures vanquished

Notes
Turn   | Place    | Note
-------+----------+-------------------------------------------
     0 | D:1      | Lobster4 the Deep Elf Air Elementalist began the quest for
                  | the Orb.
     0 | D:1      | Reached XP level 1. HP: 10/10 MP: 6/6
   132 | D:1      | Found a faded altar of an unknown god.
   233 | D:1      | Reached XP level 2. HP: 15/15 MP: 6/8
   900 | D:1      | Reached XP level 3. HP: 19/19 MP: 7/9
  2008 | D:2      | Reached XP level 4. HP: 24/24 MP: 7/11
  2012 | D:2      | Learned a level 3 spell: Swiftness
  2306 | D:3      | Reached skill level 4 in Spellcasting
  2371 | D:3      | Reached skill level 1 in Evocations
  2451 | D:3      | Noticed a black bear
  2458 | D:3      | Killed a black bear
  2459 | D:3      | Reached XP level 5. HP: 28/28 MP: 8/13
  2901 | D:4      | Reached XP level 6. HP: 26/32 MP: 11/15
  3027 | D:4      | Reached skill level 5 in Spellcasting
  3540 | D:4      | Found a basalt altar of Yredelemnul.
  3779 | D:5      | Entered Level 5 of the Dungeon
  3948 | D:5      | Noticed an ice beast
  4369 | D:5      | Reached skill level 1 in Ranged Weapons
  4369 | D:5      | Reached XP level 7. HP: 32/36 MP: 14/17
  4567 | D:5      | Reached skill level 5 in Air Magic
  4582 | D:5      | Reached skill level 6 in Spellcasting
  4968 | D:6      | Found Keloips's General Store.
  4976 | D:6      | Bought a potion of curing for 39 gold pieces
  4976 | D:6      | Bought a potion of lignification for 39 gold pieces
  5013 | D:6      | Learned a level 4 spell: Airstrike
  5280 | D:6      | Reached skill level 5 in Conjurations
  5364 | D:6      | Reached XP level 8. HP: 36/41 MP: 9/20
  5604 | D:6      | Reached skill level 7 in Spellcasting
  5637 | D:6      | Found a shadowy altar of Dithmenos.
  5996 | D:6      | Found a staircase to the Ecumenical Temple.
  6005 | Temple   | Entered the Ecumenical Temple
  6075 | Temple   | Became a worshipper of Vehumet
  6109 | D:6      | Reached skill level 8 in Spellcasting
  6175 | D:6      | Found Qissoe's Book Shoppe.
  6182 | D:6      | Found Coazug's Magic Scroll Shoppe.
  6562 | D:7      | Found an ornate altar of the Wu Jian Council.
  6874 | D:7      | Reached XP level 9. HP: 28/45 MP: 20/23
  6928 | D:7      | Found an iron altar of Okawaru.
  6990 | D:7      | Found a sparkling altar of Nemelex Xobeh.
  7148 | D:7      | Noticed Prince Ribbit
  7149 | D:7      | Reached skill level 9 in Spellcasting
  7184 | D:7      | Killed Prince Ribbit
  7270 | D:7      | You fall into a shaft and drop 3 floors!
  7270 | D:10     | Entered Level 10 of the Dungeon
  7330 | D:10     | Learned a level 2 spell: Static Discharge
  7401 | D:9      | Found a runed translucent gate.
  7401 | D:9      | Found a runed translucent gate.
  7401 | D:9      | Found a runed translucent gate.
  7403 | D:9      | Noticed sirJeffrey23's ghost (novice MiFi)
  7403 | D:9      | Noticed a nine-headed hydra
  7406 | D:9      | Noticed a two-headed ogre
  7440 | D:8      | Found a bloodstained altar of Trog.
  7565 | D:8      | Reached * piety under Vehumet
  7565 | D:8      | Offered knowledge of Sandblast by Vehumet.
  7576 | D:8      | Learned a level 1 spell: Sandblast
  7707 | D:7      | Found a runed translucent door.
  7708 | D:7      | Noticed Crazy Yiuf
  7750 | D:7      | Noticed Maggie
  7753 | D:7      | Killed Maggie
  7754 | D:7      | Reached skill level 1 in Earth Magic
  8782 | D:6      | Reached skill level 10 in Spellcasting
  9575 | D:8      | Reached XP level 10. HP: 50/50 MP: 18/26
  9736 | D:8      | Reached skill level 11 in Spellcasting
  9787 | D:8      | Offered knowledge of Poisonous Vapours by Vehumet.
  9790 | D:8      | Reached ** piety under Vehumet
 10034 | D:8      | Noticed Grum
 10046 | D:8      | Killed Grum
 10304 | D:9      | Slain by a two-headed ogre

Illustrated notes

Levels and vault maps discovered:
D:1:      amcnicky_arrival_choice, layout_basic,
          hellmonk_ecumenical_altar_prayer_group, serial_bayou,
          serial_bayou_shore_a, serial_bayou_shore_b, serial_bayou_shore_b,
          serial_bayou_pond_e, serial_bayou_lagoon_a, serial_bayou_pond_d,
          grunt_decor_one_mirror, chequers_jeans, ebering_dispersal_statue_hall,
          minmay_domino_2
D:2:      layout_basic, corexii_hall_statues_s, serial_park_tiny_pond,
          minivault_23
D:3:      layout_basic
D:4:      layout_loops_ring, mainiacjoe_overflow_alcove_2
D:5:      layout_basic, kennysheep_generic_room_8
D:6:      layout_loops_ring, mainiacjoe_overflow_paths,
          minmay_temple_entry_antechambers, serial_shops, nicolae_shop_crystal,
          kennysheep_mini_moat, kennysheep_mini, dk_noncrumbling_3, minmay_bent
D:7:      layout_basic, marbit_many_paths, nemelex_dance_club_becter,
          mainiacjoe_overflow_alcove_4, uniq_prince_ribbit1,
          uniq_crazy_yiuf_cottage, uniq_maggie
D:8:      layout_loops_corners, mainiacjoe_overflow_small_starburst,
          special_room [special_room_kobold], uniq_grum
D:9:      due_chaos_kobolds, layout_cave_pools, david_lair_generic,
          gammafunk_ghost_hydra_chop, minivault_23
D:10:     layout_irregular_city, minitemple
Temple:   nicolae_temple_figure_eight

Skill      XL: |  1  2  3  4  5  6  7  8  9 10 |
---------------+-------------------------------+-----
Stealth        | 3 |  3.0
Dodging        | 3 |  3.0
Conjurations   | 2 3 4 5 7 8 9 |  9.5
Spellcasting   | 4 5 6 8 10 11 | 11.5
Evocations     | 1 2 3 |  3.0
Air Magic      | 4 5 7 8 9 |  9.2
Ranged Weapons | 1 3 |  3.0
Earth Magic    | 3 |  3.0

Action                   |  1- 3 |  4- 6 |  7- 9 | 10-12 || total
-------------------------+-------+-------+-------+-------++-------
Melee: Whip              |     6 |       |       |       ||     6
       Hand axe          |       |    19 |    33 |     3 ||    55
Throw: Dart              |       |       |     8 |       ||     8
 Cast: Shock             |   100 |    81 |   203 |    65 ||   449
       Swiftness         |       |       |     2 |       ||     2
       Airstrike         |       |       |    31 |     6 ||    37
Evoke: Wand              |       |     8 |     8 |       ||    16
  Use: Scroll            |       |       |    15 |       ||    15
       Potion            |       |       |     1 |       ||     1
 Stab: Paralysed         |       |    11 |       |       ||    11
Armor: Robe              |     3 |     7 |    24 |       ||    34
       Steam dragon scal |       |       |    32 |     8 ||    40
Dodge: Dodged            |    15 |    21 |    66 |    24 ||   126

Table legend: (Time is in decaauts)
 A = Elapsed time spent in this place.
 B = Non-inter-level travel time spent in this place.
 C = Inter-level travel time spent in this place.
 D = Time resting spent in this place.
 E = Time spent auto-exploring this place.
 F = Levels seen in this place.
 G = Mean time per level.
                   A        B        C        D        E       F      G
               +--------+--------+--------+--------+--------+-----+--------+
         Total |  10334 |   9688 |    646 |   1282 |   6620 |  11 |  939.5 |
       Dungeon |  10248 |   9616 |    632 |   1282 |   6557 |  10 | 1024.8 |
        Temple |     85 |     71 |     14 |      0 |     63 |   1 |   85.0 |
               +--------+--------+--------+--------+--------+-----+--------+

Top non-repeatable levels by time:
     D:7: 1763 daAuts
     D:8: 1726 daAuts
     D:1: 1490 daAuts
     D:5: 1399 daAuts
     D:6: 1383 daAuts
     D:4: 922 daAuts
     D:2: 802 daAuts
     D:3: 608 daAuts
    D:10: 110 daAuts
  Temple: 85 daAuts
     D:9: 40 daAuts
